[Event "Team 45 45 League T65"]
[Site "Internet Chess Club"]
[Date "2015.06.08"]
[Round "1"]
[White "gtmorton"]
[Black "Wahman"]
[Result "1-0"]
[WhiteElo "1995"]
[BlackElo "1993"]
[Opening "Old Benoni defense"]
[ECO "A44"]
[Time "09:30:24"]
[TimeControl "2700+45"]

1. d4 c5 2. d5 e5 3. Nc3 d6 4. e4 Ne7 5. Bb5+ Nd7 6. a4 g6 7. Nf3 Bg7 8. h4 h6
9. g4 O-O 10. Be2 f5 11. gxf5 gxf5 12. Rg1 Kh8 13. Qd2 Rg8 14. Rxg7 Rxg7 15.
Qxh6+ Rh7 16. Qxd6 Qb6 17. Qxb6 Nxb6 18. Bg5 fxe4 19. Bf6+ Kg8 20. Ng5 Nexd5 21.
Nxh7 Nxc3 22. bxc3 Kxh7 23. Bxe5 Be6 24. Rb1 Rg8 25. Bg3 Rg7 26. a5 Nd5 27. Rb5
Nxc3 28. Rxc5 Nxe2 29. Kxe2 Bg4+ 30. Ke3 Bf3 31. c4 a6 32. Rc7 Rxc7 33. Bxc7 Kg6
34. Kd4 Kh5 35. Bd8 Bg2 36. Ke5 Bf3 37. c5 Bg2 38. Bg5 Kg4 39. Kd6 e3 40. fxe3
Kf5 41. Kc7 Bc6 42. Be7 Kg4 43. Kd6 Bf3 44. Ke5 Kh5 45. Kf4 Bd1 46. e4 Kg6 47.
Ke5 Bf3 48. Kf4 Bg2 49. e5 Bh3 50. Bg5 Be6 51. Ke4 Bb3 52. Be3 Be6 53. Kd4 Bb3
54. c6 bxc6 55. Kc5 Kf7 56. Kxc6 Ke6 57. Bd4 Bd1 58. Kb6 Be2 59. Bc3 Kd5 60. Kc7
Ke6 61. Kd8 Bh5 62. Kc7 Be2 63. Kc6 Bb5+ 64. Kc5 Be2 65. Kd4 Bh5 66. Ke4 Bg6+
67. Kf4 Kf7 68. Kg5 Bh7 69. h5 Bd3 70. Bb4 Be2 71. h6 Bd3 72. Kf4 Ke6 73. Ke3
Bh7 74. Kd4 Bc2 75. Bd2 Bh7 76. Bg5 Bb1 77. Bf6 Bh7 78. Kc5 Bd3 79. Kb6 Kd7 80.
Bg7 Ke6 81. Kc7 Ke7 82. Bf6+ Ke6 83. Kd8 Kf7 84. Kd7 Bf5+ 85. Kd6 Bd3 86. Bg7
Bf5 87. e6+ Ke8 88. e7 Bh7 89. Bf6 Bg6 90. Kc7 Bd3 91. Kb6 Kf7 92. Bg5 Bb5 93.
Kc7 {Black resigns} 1-0

[Event "Team 45 45 League T65"]
[Site "Internet Chess Club"]
[Date "2015.06.09"]
[Round "1"]
[White "JJ12"]
[Black "Regista"]
[Result "0-1"]
[WhiteElo "2043"]
[BlackElo "2223"]
[Opening "Caro-Kann: Panov-Botvinnik attack"]
[ECO "B13"]
[Time "15:01:43"]
[TimeControl "2700+45"]

1. e4 c6 2. d4 d5 3. exd5 cxd5 4. c4 Nf6 5. Nc3 Nc6 6. Nf3 Be6 7. c5 g6 8. Bb5
Bg7 9. O-O O-O 10. Re1 Bg4 11. Bxc6 bxc6 12. h3 Bxf3 13. Qxf3 Nd7 14. Qd3 e5 15.
Be3 Qa5 16. a3 exd4 17. b4 Nxc5 18. bxc5 dxe3 19. Rec1 exf2+ 20. Kxf2 Qxc5+ 21.
Kf1 Rfe8 22. Ne2 Qd6 23. Rab1 Re6 24. Kg1 Rae8 25. Nd4 Bxd4+ 26. Qxd4 Qxa3
{White resigns} 0-1

[Event "Team 45 45 League T65"]
[Site "Internet Chess Club"]
[Date "2015.06.06"]
[Round "1"]
[White "SlimeDog2"]
[Black "f5"]
[Result "1/2-1/2"]
[WhiteElo "2033"]
[BlackElo "2080"]
[Opening "QGD semi-Slav: Stoltz variation"]
[ECO "D45"]
[Time "22:00:52"]
[TimeControl "2700+45"]

1. d4 d5 2. c4 c6 3. Nf3 Nf6 4. e3 e6 5. Nc3 Nbd7 6. Qc2 Bd6 7. Bd3 dxc4 8. Bxc4
b5 9. Bd3 Bb7 10. e4 e5 11. O-O a6 12. a4 O-O 13. Ne2 Re8 14. Rd1 Qc7 15. dxe5
Nxe5 16. Nxe5 Bxe5 17. h3 Qe7 18. Be3 Nd7 19. f4 Bb8 20. e5 g6 21. Ng3 f5 {Game
drawn by mutual agreement} 1/2-1/2

[Event "Team 45 45 League T65"]
[Site "Internet Chess Club"]
[Date "2015.06.08"]
[Round "1"]
[White "Knight77"]
[Black "achessman"]
[Result "0-1"]
[WhiteElo "1717"]
[BlackElo "1959"]
[Opening "Réti: King's Indian attack (Barcza system)"]
[ECO "A07"]
[Time "23:57:04"]
[TimeControl "2700+45"]

1. Nf3 d5 2. g3 e6 3. Bg2 Nf6 4. O-O b6 5. d3 Bb7 6. e4 dxe4 7. Ng5 Nbd7 8. Nxe4
Nxe4 9. dxe4 Bc5 10. Nc3 h5 11. Qe2 h4 12. Qg4 hxg3 13. hxg3 Qf6 14. Be3 Bxe3
15. fxe3 Qe5 16. Qf4 O-O-O 17. Rad1 Qh5 18. Kf2 g5 19. g4 Qg6 20. Qg3 Rh4 21.
Rh1 Nf6 22. Rxd8+ Kxd8 23. Nb5 Nxg4+ 24. Ke2 e5 25. Rxh4 gxh4 26. Qxh4+ Nf6 27.
Qh8+ Ke7 28. Bh3 Ba6 29. c4 Qxe4 30. b3 Bxb5 31. cxb5 Nd5 32. Qh6 Nc3+ 33. Kf2
Nxb5 34. Qg5+ Kf8 35. Qd8+ Kg7 36. Qg5+ Qg6 37. Qxe5+ Qf6+ 38. Qxf6+ Kxf6 39. e4
Nc3 {White resigns} 0-1

[Event "Team 45 45 League T65"]
[Site "Internet Chess Club"]
[Date "2015.06.07"]
[Round "1"]
[White "qlwqznzn"]
[Black "Zkid"]
[Result "0-1"]
[WhiteElo "2269"]
[BlackElo "2305"]
[Opening "French: Winawer, advance, poisoned pawn, Konstantinopolsky variation"]
[ECO "C18"]
[Time "09:02:08"]
[TimeControl "2700+45"]

1. e4 e6 2. d4 d5 3. Nc3 Bb4 4. e5 c5 5. a3 Bxc3+ 6. bxc3 Ne7 7. Qg4 Qc7 8. Qxg7
Rg8 9. Qxh7 cxd4 10. Ne2 Nbc6 11. f4 dxc3 12. Qd3 d4 13. Nxd4 Nxd4 14. Qxd4 Bd7
15. Be3 Nf5 16. Qc5 Qc6 17. Qxc6 Bxc6 18. Kf2 Nxe3 19. Kxe3 Rd8 20. Re1 Rd2 21.
Re2 Rxe2+ 22. Kxe2 Bxg2 23. Rg1 Bf3+ 24. Kf2 Rxg1 25. Kxg1 Be4 26. Bb5+ Kf8 27.
Ba4 b5 28. Bxb5 Bxc2 29. Kf2 Kg7 30. Ke3 Be4 31. h4 Kh6 32. Be2 Kg6 33. Bd3 Bxd3
34. Kxd3 Kh5 35. Kxc3 Kxh4 36. Kd4 Kg3 37. Ke3 a6 38. a4 a5 39. Ke4 Kf2 40. f5
Kg3 41. fxe6 fxe6 42. Kd4 Kf4 43. Kc5 Kxe5 44. Kb5 Kd5 45. Kxa5 Kc5 46. Ka6 e5
47. a5 e4 48. Kb7 e3 49. a6 e2 50. a7 e1=Q 51. a8=Q Qe7+ 52. Ka6 Qe6+ 53. Kb7
Qd7+ 54. Kb8 Kb6 {White resigns} 0-1

[Event "Team 45 45 League T65"]
[Site "Internet Chess Club"]
[Date "2015.06.06"]
[Round "1"]
[White "Percival"]
[Black "Woss"]
[Result "1/2-1/2"]
[WhiteElo "2028"]
[BlackElo "2189"]
[Opening "Dutch defense"]
[ECO "A90"]
[Time "09:04:47"]
[TimeControl "2700+45"]

1. d4 e6 2. c4 f5 3. g3 Nf6 4. Bg2 d5 5. Nc3 c6 6. Nf3 Bd6 7. b3 O-O 8. Bb2 Nbd7
9. O-O Ne4 10. Nxe4 fxe4 11. Nd2 Qg5 12. e3 Nf6 13. Qe2 Bd7 14. f3 exf3 15. Nxf3
Qh5 16. c5 Bc7 17. Rae1 Ne4 18. Ne5 Qxe2 19. Rxe2 Bxe5 {Game drawn by mutual
agreement} 1/2-1/2

[Event "Team 45 45 League T65"]
[Site "Internet Chess Club"]
[Date "2015.06.05"]
[Round "1"]
[White "BigH"]
[Black "jt2000"]
[Result "1-0"]
[WhiteElo "1987"]
[BlackElo "2143"]
[Opening "QGD: classical variation (5.Bf4)"]
[ECO "D37"]
[Time "11:20:19"]
[TimeControl "2700+45"]

1. d4 d5 2. Nf3 Nf6 3. c4 e6 4. Nc3 Be7 5. Bf4 O-O 6. e3 Nbd7 7. Be2 dxc4 8. O-O
c5 9. dxc5 Nxc5 10. Bxc4 Qxd1 11. Rfxd1 b6 12. h3 Bb7 13. Ne5 Rfd8 14. Rac1
Rxd1+ 15. Rxd1 Rd8 16. Rxd8+ Bxd8 17. Nb5 a6 18. Nd6 Bd5 19. Bxd5 Nxd5 20. Ndxf7
Bc7 21. Ng5 h6 22. Ngf3 Nxf4 23. exf4 Kf8 24. Kf1 Na4 25. Nd3 Ke7 26. Ke2 Kd6
27. Ke3 b5 28. Ke4 Nb6 29. f5 a5 30. Nd4 exf5+ 31. Nxf5+ Ke6 32. Nxg7+ Kf7 33.
Nf5 h5 34. Nd4 b4 35. b3 Kf6 36. Nc5 Nc8 37. Kd5 {Black resigns} 1-0

[Event "Team 45 45 League T65"]
[Site "Internet Chess Club"]
[Date "2015.06.05"]
[Round "1"]
[White "gump12345"]
[Black "zigzag2002"]
[Result "0-1"]
[WhiteElo "1988"]
[BlackElo "2136"]
[Opening "Sicilian: Canal-Sokolsky (Nimzovich-Rossolimo, Moscow) attack"]
[ECO "B51"]
[Time "18:05:06"]
[TimeControl "2700+45"]

1. e4 c5 2. Nf3 d6 3. Bb5+ Nd7 4. c3 a6 5. Ba4 b5 6. Bc2 Ngf6 7. O-O Bb7 8. Qe2
e5 9. a4 Qb6 10. Rd1 Be7 11. d4 O-O 12. d5 c4 13. Be3 Nc5 14. Nfd2 Qc7 15. Na3
Qd7 16. f3 Rac8 17. Rdb1 Nh5 18. axb5 axb5 19. b4 cxb3 20. Nxb3 Na4 21. Nxb5
Nxc3 22. Nxc3 Rxc3 23. Qd2 Rfc8 24. Bd1 Bd8 25. Na5 Bxa5 26. Rxa5 R8c7 27. Bb6
Rc8 28. Ra7 R3c4 29. Ba5 Rb8 30. Qb2 f5 31. Be2 Rc5 32. Bb6 Rcc8 33. Be3 Rc7 34.
Ba6 fxe4 35. fxe4 Qg4 36. Rxb7 Rcxb7 37. Bxb7 Qxe4 38. Ba7 Rf8 39. Bc6 Nf4 40.
Rd1 h5 41. Qd2 Rf6 42. Re1 Qf5 43. Be3 Nxg2 44. Qxg2 Rg6 45. h3 Rxg2+ 46. Kxg2
Qe4+ 47. Kf2 Qh4+ 48. Kg2 {White resigns} 0-1

[Event "Team 45 45 League T65"]
[Site "Internet Chess Club"]
[Date "2015.06.08"]
[Round "1"]
[White "imawesome"]
[Black "ArturitoGalacti"]
[Result "1/2-1/2"]
[WhiteElo "2016"]
[BlackElo "1987"]
[Opening "Caro-Kann: Panov-Botvinnik attack"]
[ECO "B13"]
[Time "16:08:52"]
[TimeControl "2700+45"]

1. e4 c6 2. d4 d5 3. exd5 cxd5 4. c4 Nf6 5. Nc3 Nc6 6. Bg5 dxc4 7. Bxc4 Qxd4 8.
Qxd4 Nxd4 9. O-O-O e5 10. f4 Bg4 11. Nf3 Bxf3 12. gxf3 Rc8 13. fxe5 Rxc4 14.
exf6 Ne6 15. Rhe1 g6 16. Kb1 Bb4 17. Re4 Rxe4 18. Nxe4 Nxg5 19. Nxg5 O-O 20. Rd7
h6 21. Ne4 Rb8 22. a3 Bf8 23. Kc2 a5 24. Kd3 b5 25. Kd4 Rc8 26. Rd5 Rb8 27. Nc5
Bxc5+ 28. Kxc5 b4 29. a4 Rc8+ 30. Kb5 Rc2 31. Kxa5 Rxb2 32. Kb6 b3 33. Rb5 Rxh2
34. Rxb3 Ra2 35. a5 h5 36. a6 h4 37. f4 Kh7 38. Rh3 Rb2+ 39. Ka7 g5 40. fxg5 Kg6
41. Rxh4 Kxg5 42. Rh8 Kxf6 43. Rb8 Ra2 44. Rb5 Kg6 45. Kb7 f5 46. a7 Kg5 47.
a8=Q Rxa8 48. Kxa8 Kg4 49. Kb7 f4 50. Kc6 f3 51. Kd5 f2 52. Rb1 Kf3 53. Kd4 Kg2
54. Rb2 Kg1 55. Rb1+ f1=Q 56. Rxf1+ Kxf1 {Game drawn because neither player has
mating material} 1/2-1/2

[Event "Team 45 45 League T65"]
[Site "Internet Chess Club"]
[Date "2015.06.09"]
[Round "1"]
[White "xwang1"]
[Black "juniorVishy"]
[Result "0-1"]
[WhiteElo "2047"]
[BlackElo "1988"]
[Opening "Sicilian: accelerated fianchetto, Maróczy bind, 6.Be3"]
[ECO "B38"]
[Time "18:06:02"]
[TimeControl "2700+45"]

1. e4 c5 2. Nf3 g6 3. d4 cxd4 4. Nxd4 Bg7 5. c4 Nc6 6. Be3 Nf6 7. Nc3 d6 8. Be2
O-O 9. O-O Bd7 10. Qd2 Nxd4 11. Bxd4 Bc6 12. f3 a5 13. b3 Nd7 14. Be3 Nc5 15.
Rab1 Qb6 16. Rfc1 Rfc8 17. Nd5 Bxd5 18. cxd5 Qb4 19. a4 Qxd2 20. Bxd2 b6 21. Be3
h5 22. Kf2 Kh7 23. Rc4 Re8 24. Rc2 Bh6 25. Bd4 Bg7 26. Be3 Bh6 27. Bd4 Rac8 28.
Ra2 Rb8 29. Bb5 Rec8 30. Ke2 Bg7 31. Bf2 Be5 32. g3 h4 33. Rc2 hxg3 34. hxg3 Kg7
35. b4 axb4 36. Rxb4 Rh8 37. Bc6 Rh2 38. Kf1 Nd3 39. Rb3 Nxf2 40. Rxf2 Rbh8 41.
Rg2 Bd4 42. f4 Kf6 43. Rb4 Bc5 44. Rb3 Rh1+ 45. Ke2 g5 46. Rf3 g4 47. Rd3 Rb1
48. Rd1 Rb4 49. e5+ dxe5 50. fxe5+ Kxe5 51. Kd3 Rd4+ 52. Kc2 Rxd1 53. Kxd1 Kd6
54. Rd2 e5 55. Bb5 f5 56. Bd3 e4 57. Bc4 Rh1+ 58. Kc2 Rg1 59. Rh2 Rxg3 60. Rh6+
Ke5 61. Re6+ Kd4 62. Ba2 Rg2+ 63. Kb1 Rxa2 64. Kxa2 Kxd5 65. Rf6 Ke5 66. Rg6 e3
67. Rg8 g3 68. a5 bxa5 69. Rxg3 e2 70. Rg8 Kf4 71. Re8 Be3 {White resigns} 0-1

[Event "Team 45 45 League T65"]
[Site "Internet Chess Club"]
[Date "2015.06.06"]
[Round "1"]
[White "vjbaker"]
[Black "charles-allen"]
[Result "1-0"]
[WhiteElo "1815"]
[BlackElo "1825"]
[Opening "Petrov three knights game"]
[ECO "C42"]
[Time "14:00:36"]
[TimeControl "2700+45"]

1. e4 e5 2. Nf3 Nf6 3. Nc3 Bb4 4. Bc4 O-O 5. d3 Bxc3+ 6. bxc3 d6 7. O-O Be6 8.
Bb3 Nbd7 9. Re1 Qe7 10. Bg5 h6 11. Be3 Nc5 12. Bxc5 dxc5 13. Qd2 Rad8 14. Rad1
b5 15. Bxe6 Qxe6 16. d4 exd4 17. cxd4 cxd4 18. Nxd4 Qxa2 19. e5 Nh7 20. Qb4 Qc4
21. Qxc4 bxc4 22. Nc6 Ra8 23. Rd7 a5 24. Rxc7 a4 25. Ra1 a3 26. Na7 Rfb8 27. h3
Rb2 28. Rxa3 Rxc2 29. Nb5 Rb8 30. Nd6 Re2 31. Rxf7 Ng5 32. Re7 Rbb2 33. Nf5 Ne6
34. Rxe6 Rxf2 35. Ne3 Rb3 36. Rxb3 {Black resigns} 1-0

[Event "Team 45 45 League T65"]
[Site "Internet Chess Club"]
[Date "2015.06.07"]
[Round "1"]
[White "Heian"]
[Black "Skeptic1972"]
[Result "1-0"]
[WhiteElo "1747"]
[BlackElo "1525"]
[Opening "French: advance, Euwe variation"]
[ECO "C02"]
[Time "15:10:11"]
[TimeControl "2700+45"]

1. e4 e6 2. d4 d5 3. e5 c5 4. c3 Nc6 5. Nf3 Bd7 6. Bd3 Qb6 7. dxc5 Bxc5 8. O-O
Nh6 9. b4 Bxf2+ 10. Rxf2 Ng4 11. Qe2 Nxf2 12. Qxf2 Qxf2+ 13. Kxf2 O-O 14. a4
Rac8 15. Be3 a6 16. Bc5 Rfd8 17. Nbd2 f6 18. Re1 fxe5 19. Nxe5 Nxe5 20. Rxe5 Re8
21. a5 Ba4 22. Nf3 h6 23. Bg6 Red8 24. Rxe6 Rc6 25. Nd4 Rxe6 26. Nxe6 Rd7 27.
Kg3 Bd1 28. Be8 {Black resigns} 1-0

[Event "Team 45 45 League T65"]
[Site "Internet Chess Club"]
[Date "2015.06.06"]
[Round "1"]
[White "Insan996"]
[Black "kabindra"]
[Result "1/2-1/2"]
[WhiteElo "1589"]
[BlackElo "1737"]
[Opening "Queen's pawn: Torre attack"]
[ECO "A46"]
[Time "11:03:36"]
[TimeControl "2700+45"]

1. d4 Nf6 2. Nf3 e6 3. Bg5 Be7 4. c3 O-O 5. Nbd2 d5 6. e3 b6 7. Bd3 Ba6 8. c4 c5
9. O-O Nc6 10. dxc5 bxc5 11. a3 Rb8 12. Qc2 h6 13. Bh4 d4 14. exd4 Nxd4 15. Qa4
Nxf3+ 16. Nxf3 Qxd3 17. Qxa6 Rxb2 18. Qxa7 Re8 19. Ne5 Qe4 20. Bxf6 Bxf6 21.
Qxf7+ Kh7 22. Qxe8 Bxe5 23. Rae1 Qf5 24. Qc6 Bd4 25. Qf3 Qg5 26. g3 e5 27. Qe4+
Kg8 28. Rb1 Qd2 29. Rxb2 Qxb2 30. a4 Qa2 31. Qd5+ Kh7 32. Qe4+ Kg8 33. Qa8+ Kh7
34. Qe4+ Kg8 {Game drawn by repetition} 1/2-1/2

[Event "Team 45 45 League T65"]
[Site "Internet Chess Club"]
[Date "2015.06.03"]
[Round "1"]
[White "QuieroAprender"]
[Black "fireball"]
[Result "1/2-1/2"]
[WhiteElo "1628"]
[BlackElo "1649"]
[Opening "French: exchange variation"]
[ECO "C01"]
[Time "22:00:11"]
[TimeControl "2700+45"]

1. e4 e6 2. d4 d5 3. exd5 exd5 4. Nf3 Nf6 5. Bg5 Be7 6. Be2 Ne4 7. Bxe7 Qxe7 8.
O-O Nc6 9. Bb5 O-O 10. Bxc6 bxc6 11. Re1 Qf6 12. c3 Bg4 13. h3 Bxf3 14. Qxf3
Qxf3 15. gxf3 Ng5 16. Kg2 f5 17. h4 Nf7 18. Nd2 f4 19. Re6 Nd6 20. Rae1 Rab8 21.
b3 a5 22. Kh3 Rb6 23. a4 Nf5 24. Re8 Rb8 25. Rxb8 Rxb8 26. Kg4 g6 27. Re6 Rb6
28. Re8+ Kf7 29. Ra8 Ke6 30. Rxa5 Rb8 31. Ra7 Kd7 32. a5 Re8 33. b4 Re2 34. Nb3
Rc2 35. Nc5+ Kd6 36. Nb7+ Kd7 37. Nc5+ Kd6 38. Ra8 Rxc3 39. a6 Ra3 40. a7 Ke7
41. Nb3 Ra6 42. Nc5 Ra3 43. Nb3 Ra6 44. Kxf4 Nxh4 45. Rh8 Rxa7 46. Rxh7+ Kf6 47.
Nc5 Nf5 48. Nd7+ Ke6 49. Nc5+ Kf6 50. Nd7+ Ke6 51. Nf8+ Kf6 52. Nd7+ Ke6 53.
Nc5+ Kf6 54. Nd7+ Ke6 {Game drawn by repetition} 1/2-1/2

[Event "Team 45 45 League T65"]
[Site "Internet Chess Club"]
[Date "2015.06.05"]
[Round "1"]
[White "Ajolote"]
[Black "olivermx"]
[Result "1-0"]
[WhiteElo "1672"]
[BlackElo "1326"]
[Opening "Ruy Lopez: old Steinitz defense"]
[ECO "C62"]
[Time "19:00:53"]
[TimeControl "2700+45"]

1. e4 e5 2. Nf3 Nc6 3. Bb5 d6 4. O-O Bd7 5. Nc3 a6 6. Bxc6 Bxc6 7. d4 Nf6 8. d5
Bd7 9. h3 Be7 10. Be3 O-O 11. Re1 c6 12. dxc6 Bxc6 13. Bd2 Qc7 14. Bg5 h6 15.
Bh4 Rfe8 16. Qd2 Rad8 17. Rad1 b5 18. a3 Nh5 19. Bxe7 Qxe7 20. g3 Qd7 21. Kg2
Bb7 22. Qd3 Bc8 23. Rh1 Rf8 24. Nd5 Qe6 25. c3 f5 26. exf5 Qxf5 27. Ne7+ {Black
resigns} 1-0

[Event "Team 45 45 League T65"]
[Site "Internet Chess Club"]
[Date "2015.06.06"]
[Round "1"]
[White "RUPIS"]
[Black "parrot9"]
[Result "1-0"]
[WhiteElo "1652"]
[BlackElo "1619"]
[Opening "Sicilian: Canal-Sokolsky attack, Sokolsky variation"]
[ECO "B52"]
[Time "11:10:21"]
[TimeControl "2700+45"]

1. e4 c5 2. Nf3 d6 3. Bb5+ Bd7 4. Bxd7+ Qxd7 5. c4 Nc6 6. Nc3 e6 7. d3 Nf6 8.
Be3 Be7 9. O-O O-O 10. Qd2 d5 11. Bf4 Rad8 12. Rad1 Nh5 13. exd5 exd5 14. Nxd5
Nxf4 15. Nxf4 Qf5 16. Rfe1 Bd6 17. Nd5 Rfe8 18. Rxe8+ Rxe8 19. b3 Ne5 20. Nxe5
Qxe5 21. g3 Qe2 22. Qxe2 Rxe2 23. a3 Ra2 24. Re1 Kf8 25. Nc3 Rxa3 26. Nb5 Ra6
27. Re4 Be7 28. Nc7 Ra1+ 29. Kg2 f5 30. Re5 Kf7 31. Rxf5+ Kg6 32. Re5 Bf8 33.
Ne6 Kf6 34. Re3 Bd6 35. Nd8 Be5 36. Nxb7 Bd4 37. Rf3+ Ke7 38. Rf5 Rb1 39. Nxc5
Kd6 40. Ne4+ Ke6 41. Rd5 Bb6 42. Ng5+ Kf6 43. Nxh7+ Kg6 44. Nf8+ Kf7 45. Nd7
Rxb3 46. c5 Ba5 47. c6 Bc7 48. Nc5 Rc3 49. Rd7+ Kg6 50. Rxc7 Rxc5 51. d4 Rd5 52.
Rd7 {Black resigns} 1-0

[Event "Team 45 45 League T65"]
[Site "Internet Chess Club"]
[Date "2015.06.06"]
[Round "1"]
[White "Invicta-Knight"]
[Black "hudson"]
[Result "1-0"]
[WhiteElo "1590"]
[BlackElo "1599"]
[Opening "French: advance variation"]
[ECO "C02"]
[Time "11:00:36"]
[TimeControl "2700+45"]

1. e4 e6 2. d4 d5 3. e5 c5 4. c3 Nc6 5. a3 Nge7 6. Nf3 cxd4 7. cxd4 Nf5 8. Nc3
Be7 9. Bd3 Ncxd4 10. Nxd4 Nxd4 11. Qg4 Nc6 12. Qxg7 Rf8 13. Bh6 Qc7 14. f4 Qb6
15. O-O-O Bd7 16. Qxh7 Rc8 17. Bxf8 Bxf8 18. Rd2 Nd4 19. Bc2 Nxc2 20. Rxc2 Qe3+
21. Kb1 Qxf4 22. Re1 a6 23. h4 Qd4 24. h5 Bxa3 25. h6 Bxb2 26. Qh8+ Ke7 27. Qf6+
Ke8 28. h7 Ba3 29. h8=Q+ Bf8 30. Rf1 Qb4+ 31. Kc1 Rxc3 32. Qxf7+ {Black resigns}
1-0

[Event "Team 45 45 League T65"]
[Site "Internet Chess Club"]
[Date "2015.06.07"]
[Round "1"]
[White "chessabc"]
[Black "qingjoshua"]
[Result "1-0"]
[WhiteElo "1862"]
[BlackElo "1695"]
[Opening "Trompowsky attack (Ruth, Opocenský opening)"]
[ECO "A45"]
[Time "18:02:34"]
[TimeControl "2700+45"]

1. d4 Nf6 2. Bg5 g6 3. Nd2 Bg7 4. e3 d5 5. Bd3 Nc6 6. a3 e6 7. Ngf3 Bd7 8. Ne5
Qe7 9. Nxd7 Qxd7 10. Qf3 Qe7 11. c3 h6 12. Bxf6 Qxf6 13. Qxf6 Bxf6 14. e4 dxe4
15. Nxe4 Bg7 16. Bb5 Ke7 17. O-O Nb8 18. Rfe1 Nd7 19. d5 e5 20. Rad1 f5 21. Bxd7
Kxd7 22. Nc5+ Kc8 23. Ne6 Bf6 24. d6 cxd6 25. Rxd6 Be7 26. Rd5 e4 27. Red1 a5
28. Rd7 Bg5 29. Rc7+ Kb8 30. Rdd7 Ra7 31. g3 Bc1 32. Nd4 Ka8 33. Nb5 Ra6 34.
Rxb7 Bxb2 35. Ra7+ Rxa7 36. Rxa7+ Kb8 37. Rc7 Rc8 38. Rxc8+ Kxc8 39. Kf1 Kd7 40.
Ke2 Kc6 41. a4 Bc1 42. Nd4+ Kb6 43. Nb3 Bg5 44. h4 Bf6 45. c4 Be7 46. f3 exf3+
47. Kxf3 g5 48. h5 Bc5 49. g4 f4 50. Ke4 Bb4 51. Nd4 Bf8 52. Ne6 Bc5 53. Ng7 Bf8
54. Ne6 Bc5 55. Nd8 Be7 56. Nf7 Bf8 57. Ne5 Bd6 58. Nd3 Bc5 59. Ne5 Bd6 60. Nf3
Kc5 61. Kd3 Kb4 62. Nd2 Kxa4 63. Ne4 Bf8 64. Kd4 Kb3 65. c5 Bxc5+ 66. Nxc5+ Kb4
67. Nd3+ Kb3 68. Nxf4 gxf4 69. g5 a4 70. g6 a3 71. g7 a2 72. g8=Q+ Kb2 73. Qb8+
Ka3 74. Qa7+ Kb2 75. Qb6+ Ka3 76. Qa5+ Kb2 77. Qb4+ Kc2 78. Qa3 Kb1 79. Qb3+ Ka1
80. Kc3 f3 81. Qd1# {Black checkmated} 1-0

[Event "Team 45 45 League T65"]
[Site "Internet Chess Club"]
[Date "2015.06.07"]
[Round "1"]
[White "gyu123987kool"]
[Black "Portola"]
[Result "0-1"]
[WhiteElo "1677"]
[BlackElo "1810"]
[Opening "French: Tarrasch"]
[ECO "C03"]
[Time "14:00:27"]
[TimeControl "2700+45"]

1. e4 e6 2. d4 d5 3. Nd2 dxe4 4. Nxe4 Be7 5. Nf3 Nf6 6. Bd3 Nbd7 7. Qe2 O-O 8.
Bd2 b6 9. O-O-O Bb7 10. Nxf6+ Nxf6 11. Kb1 c5 12. dxc5 bxc5 13. c4 Qb6 14. Bc3
Rad8 15. Ne5 Rd6 16. f3 Rfd8 17. g4 Ne8 18. Qc2 Rxd3 19. Rxd3 f6 20. Rxd8 Bxd8
21. Nd7 Qc7 22. Qa4 Bc6 23. Ba5 Qxd7 24. Qa3 Bxa5 25. Qxa5 Bxf3 26. Re1 Qd6 27.
Qxa7 Bxg4 28. a4 Qd3+ 29. Ka1 Qxc4 30. Qa8 Bh5 31. a5 Qa4+ {White resigns} 0-1

[Event "Team 45 45 League T65"]
[Site "Internet Chess Club"]
[Date "2015.06.07"]
[Round "1"]
[White "rubo"]
[Black "bhxm"]
[Result "1-0"]
[WhiteElo "1665"]
[BlackElo "1436"]
[Opening "King's Indian: London system"]
[ECO "A48"]
[Time "16:30:32"]
[TimeControl "2700+45"]

1. d4 Nf6 2. Nf3 g6 3. Bf4 Bg7 4. e3 O-O 5. h3 d5 6. Be2 Nc6 7. O-O Ne4 8. c4 e6
9. cxd5 exd5 10. a3 Be6 11. Qc2 Bf5 12. Bd3 Qd7 13. Kh2 Nd6 14. Nc3 Bxd3 15.
Qxd3 Nc4 16. b4 Rad8 17. Rfc1 a6 18. Nxd5 Qxd5 19. Qxc4 Qxc4 20. Rxc4 Rd7 21.
Rac1 Ra8 22. Nd2 Rad8 23. Nb3 Rc8 24. Nc5 Re7 25. Nxb7 Kf8 26. Rxc6 Rb8 27. Na5
Re4 28. Bxc7 Rbe8 29. Bd6+ Kg8 30. Rc8 Bf8 31. Be5 Rxc8 32. Rxc8 h6 33. Bd6 Kg7
34. Bxf8+ Kf6 35. Bxh6 Rh4 36. Bf4 Rh5 37. Rc6+ Kg7 38. Rxa6 Rf5 39. g4 Rd5 40.
e4 Rb5 41. d5 Rb7 42. Be5+ Kf8 43. Bf6 Rb8 44. d6 Re8 45. d7 Rb8 46. Rc6 Kg8 47.
Rc8+ Rxc8 48. dxc8=Q+ Kh7 49. Qh8# {Black checkmated} 1-0

[Event "Team 45 45 League T65"]
[Site "Internet Chess Club"]
[Date "2015.06.06"]
[Round "1"]
[White "FosterChess"]
[Black "g8wrb"]
[Result "0-1"]
[WhiteElo "1472"]
[BlackElo "1304"]
[Opening "French: Tarrasch, closed variation"]
[ECO "C05"]
[Time "16:03:51"]
[TimeControl "2700+45"]

1. e4 e6 2. d4 d5 3. Nd2 Nf6 4. e5 Nfd7 5. Nb3 c5 6. dxc5 Nxc5 7. Nxc5 Bxc5 8.
Nf3 Nc6 9. Bb5 Bd7 10. Bxc6 bxc6 11. Bg5 Qb6 12. O-O Qxb2 13. Qd2 O-O 14. Bf6
gxf6 15. exf6 Qxf6 16. Rfe1 Bd6 17. Re3 Qxa1+ 18. Re1 Qf6 19. Nd4 Bf4 20. Qd3 c5
21. Ne2 Bd6 22. Qa6 Bb8 23. Qb7 Ba4 24. g3 Bd6 25. c3 Qe7 26. Qb2 Rab8 27. Qd2
Qf6 28. c4 Bc6 29. cxd5 Bxd5 30. Nc3 Rb4 31. Nxd5 exd5 32. Qxd5 Rb2 33. Rf1 Re8
34. Kg2 Rbe2 {White resigns} 0-1

[Event "Team 45 45 League T65"]
[Site "Internet Chess Club"]
[Date "2015.06.07"]
[Round "1"]
[White "zap2"]
[Black "Percules"]
[Result "1-0"]
[WhiteElo "1762"]
[BlackElo "1651"]
[Opening "Benko's opening"]
[ECO "A00"]
[Time "10:07:54"]
[TimeControl "2700+45"]

1. g3 Nf6 2. Bg2 g6 3. e4 d6 4. d4 Bg7 5. Ne2 O-O 6. Nbc3 Nc6 7. h3 e5 8. Be3
Bd7 9. Qd2 a6 10. d5 Ne7 11. f4 Ne8 12. fxe5 Bxe5 13. Bh6 Ng7 14. O-O-O b5 15.
Nf4 b4 16. Nce2 a5 17. Nd3 Bf6 18. Rdf1 Nc8 19. Rxf6 Nb6 20. Rhf1 Nc4 21. Qg5
Nh5 22. Bxf8 Nxf6 23. b3 Kxf8 24. bxc4 Kg7 25. e5 dxe5 26. Nxe5 Ba4 27. Nd4 h6
28. Nf5+ {Black resigns} 1-0

[Event "Team 45 45 League T65"]
[Site "Internet Chess Club"]
[Date "2015.06.07"]
[Round "1"]
[White "hondocando"]
[Black "DeepTheJeep"]
[Result "1-0"]
[WhiteElo "1564"]
[BlackElo "1615"]
[Opening "Sicilian: closed"]
[ECO "B23"]
[Time "13:00:30"]
[TimeControl "2700+45"]

1. e4 c5 2. Nc3 a6 3. g3 b5 4. Bg2 Bb7 5. d3 e6 6. Be3 Nf6 7. h3 Be7 8. Qd2 d6
9. Nge2 O-O 10. O-O Qc7 11. f4 Nbd7 12. Rac1 b4 13. Na4 Rac8 14. b3 e5 15. f5 d5
16. Bg5 dxe4 17. Bxf6 Nxf6 18. Rce1 Rfd8 19. Nb2 exd3 20. cxd3 Bxg2 21. Kxg2 e4
22. Nf4 Rd7 23. Qc2 Rcd8 24. Re3 Qc6 25. Kh2 exd3 26. Nfxd3 Nd5 27. Ref3 Bf6 28.
Nc4 Re7 29. R3f2 Nc3 30. Rd2 Rde8 31. Nf4 Bg5 32. f6 Bxf6 33. Qf5 Qe4 34. Qg4
Qc6 35. Nh5 Re2+ 36. Rf2 Rxf2+ 37. Rxf2 Ne4 38. Rxf6 Qxf6 39. Nxf6+ Nxf6 40. Qd1
Ne4 41. Qd7 Nf6 42. Qd2 h6 43. g4 Ne4 44. Qd7 Nf6 45. Qa4 Re6 46. Qa5 Ne4 47.
Nb6 Nc3 48. Kg3 Re2 49. Kf3 Rxa2 50. Qxc5 a5 51. Nd7 Rb2 52. Qf8+ Kh7 53. Qxf7
Kh8 54. h4 Nd1 55. Kg3 a4 56. bxa4 b3 57. Nc5 Rf2 58. Qxb3 Rd2 59. a5 Rd5 60.
Nb7 Re5 61. Qxd1 {Black resigns} 1-0